Map: Automaton LE

Players

Stropheum - Winner!

  • Race: Zerg Zerg
  • League: Master
  • Spawn Location: 9:00

gtbear

  • Race: Zerg Zerg
  • League: Diamond
  • Spawn Location: 3:00

VOD

Have the link to the VOD?

Description

Time

  • Played on: Feb. 20, 2019, 12:39 a.m.
  • Length: 12:34
Show
View Real Time Build Order
Export as new Build Order

Stropheum Zerg - Winner!

Build Orders: Hatch First, Muta Ling Bane, Zergling Baneling 

Get SALT Encoding   

  12  0:00  Drone  
  13  0:12  Overlord  
  13  0:18  Drone  
  14  0:30  Drone x2  
  14  0:35  Drone  
  17  0:53  Hatchery  
  17  0:56  Drone  
  17  0:59  Drone  
  18  1:10  Extractor  
  17  1:15  Spawning Pool  
  17  1:18  Drone  
  17  1:21  Drone  
  18  1:28  Drone  
  19  1:39  Overlord  
  19  2:05  Queen x2  
  23  2:13  Zergling x4  
  23  2:14  Zergling x4  
  27  2:17  Metabolic Boost  
  27  2:18  Zergling x2  
  28  2:25  Zergling x2  
  28  2:28  Zergling x2  
  30  2:35  Drone  
  31  2:39  Drone  
  31  2:43  Baneling Nest  
  31  2:46  Drone  
  32  3:03  Overlord  
  32  3:09  Hatchery  
  31  3:20  Drone x3  
  31  3:21  Drone x2  
  36  3:28  Baneling x3  
  36  3:29  Baneling  
  36  3:32  Overlord  
  36  3:36  Drone  
  35  3:51  Zergling x8  
  35  3:52  Zergling x6  
  39  3:58  Zergling x6  
  40  4:04  Queen  
  40  4:08  Overlord  
  42  4:13  Baneling x3  
  42  4:17  Drone  
  42  4:18  Drone  
  42  4:19  Drone  
  45  4:29  Drone x3  
  48  4:33  Baneling x2  
  48  4:36  Drone x3  
  50  4:47  Overlord  
  50  4:50  Drone  
  50  4:51  Drone x5  
  56  4:54  Extractor  
  56  4:55  Extractor  
  54  5:00  Drone x4  
  57  5:14  Zergling x6  
  57  5:15  Zergling x8  
  57  5:17  Lair  
  64  5:25  Extractor  
  64  5:28  Overlord  
  63  5:29  Drone x3  
  63  5:33  Drone  
  63  5:34  Drone x3  
  70  5:39  Overlord  
  70  5:40  Overlord  
  70  5:48  Drone x3  
  73  5:52  Overlord x2  
  70  6:07  Overlord x2  
  69  6:17  Spine Crawler  
  69  6:18  Spine Crawler x2  
  67  6:22  Spine Crawler x2  
  67  6:23  Spine Crawler  
  67  6:24  Drone x2  
  67  6:25  Spire  
  64  6:27  Drone  
  64  6:28  Drone  
  66  6:35  Zergling x8  
  70  6:45  Zergling x14  
  77  6:48  Baneling x2  
  77  6:49  Baneling x2  
  77  7:04  Zergling x20  
  87  7:12  Baneling x7  
  87  7:22  Zergling x20  
  91  7:37  Zergling x10  
  91  7:38  Zergling x2  
  91  7:39  Mutalisk  
  91  7:43  Mutalisk  
  91  7:44  Mutalisk  
  103  7:57  Drone x9  
  112  7:59  Zerg Flyer Weapons Level 1  
  112  8:01  Pneumatized Carapace, Overseer  
  112  8:07  Mutalisk x2  
  112  8:10  Mutalisk  
  116  8:19  Extractor  
  115  8:20  Hatchery, Extractor  
  115  8:25  Mutalisk x2  
  115  8:26  Mutalisk  
  119  8:29  Overlord  
  119  8:31  Overlord  
  119  8:42  Overlord x2  
  119  8:49  Mutalisk  
  119  8:50  Mutalisk x4  
  129  9:00  Infestation Pit  
  128  9:03  Evolution Chamber  
  128  9:04  Evolution Chamber  
  128  9:07  Centrifical Hooks  
  126  9:11  Drone x4  
  126  9:12  Drone x3  
  126  9:14  Drone x3  
  136  9:20  Drone x4  
  140  9:34  Drone x10  
  150  9:51  Zerg Melee Weapons Level 1, Zerg Ground Armor Level 1  
  150  9:52  Hive  
  150  9:54  Overseer  
  150  9:59  Drone  
  151  10:00  Drone x6  
  151  10:01  Extractor  
  151  10:02  Extractor  
  155  10:10  Zergling x8  
  155  10:13  Hatchery, Overlord x3  
  158  10:36  Overlord x2  
  158  10:37  Overlord x2  
  158  10:49  Zergling x2  
  159  10:50  Zergling x32  
  175  11:11  Baneling, Ultralisk Cavern  
  174  11:12  Baneling x8  
  174  11:34  Drone  
  175  11:57  Baneling x10  
  175  11:58  Baneling x31  
  175  11:59  Baneling x11  
  175  12:00  Zergling x28  
  175  12:01  Zergling x20  
Show
View Real Time Build Order
Export as new Build Order

gtbear Zerg 

Build Orders: Pool First 

Get SALT Encoding   

  12  0:03  Drone  
  13  0:13  Overlord  
  13  0:18  Drone  
  14  0:31  Drone x2  
  17  0:35  Drone  
  17  0:47  Extractor  
  17  0:49  Spawning Pool  
  15  0:51  Drone  
  16  1:00  Drone  
  17  1:22  Hatchery  
  17  1:23  Drone  
  17  1:33  Overlord  
  17  1:38  Zergling x2  
  18  1:45  Zergling x2  
  19  1:50  Queen  
  21  1:56  Metabolic Boost  
  21  2:05  Drone x2  
  23  2:24  Drone x2  
  25  2:31  Baneling Nest  
  25  2:35  Drone x2  
  26  2:42  Queen  
  28  2:46  Drone x2  
  30  2:57  Zergling x4  
  31  3:04  Spine Crawler  
  31  3:05  Queen  
  30  3:10  Overlord  
  30  3:12  Zergling x2  
  33  3:16  Baneling x2  
  33  3:20  Zergling x4  
  35  3:31  Zergling x2  
  35  3:32  Zergling x2  
  37  3:34  Baneling  
  37  3:45  Baneling  
  35  3:59  Drone x2  
  35  4:00  Drone x3  
  38  4:04  Drone x2  
  40  4:16  Overlord  
  40  4:17  Zergling x2  
  40  4:21  Hatchery  
  40  4:28  Drone x2  
  40  4:30  Roach Warren  
  41  4:40  Zergling x10  
  46  4:49  Drone  
  46  4:51  Extractor  
  46  4:52  Lair  
  46  5:04  Drone x6  
  52  5:11  Overlord  
  52  5:17  Overlord  
  52  5:28  Hatchery  
  51  5:41  Drone  
  52  5:45  Overlord, Extractor  
  52  5:48  Roach x7  
  65  5:55  Baneling x2  
  65  6:15  Glial Reconstitution  
  65  6:16  Hatchery  
  64  6:19  Zergling x2  
  64  6:20  Zergling x12  
  71  6:28  Extractor, Roach x2  
  74  6:35  Overlord x2  
  74  6:52  Overlord  
  74  6:55  Roach x4  
  81  7:07  Baneling x6  
  81  7:08  Baneling x8  
  80  7:16  Zergling x12  
  80  7:17  Zergling x2  
  73  7:37  Roach x4  
  75  7:46  Drone x2  
  75  7:50  Hydralisk Den  
  68  7:53  Zergling x8  
  68  7:58  Baneling x6  
  68  8:06  Roach x3  
  68  8:12  Evolution Chamber  
  71  8:14  Drone x2  
  71  8:15  Drone  
  74  8:21  Overseer  
  74  8:26  Spore Crawler  
  73  8:29  Spore Crawler  
  73  8:30  Spore Crawler  
  73  8:32  Spore Crawler  
  70  8:49  Drone x6  
  76  8:56  Overlord  
  76  9:01  Drone x3  
  79  9:07  Spore Crawler  
  78  9:11  Drone  
  78  9:12  Spore Crawler  
  78  9:13  Drone  
  79  9:18  Zerg Missile Weapons Level 1  
  78  9:50  Drone x7  
  78  9:51  Drone x2  
  78  9:52  Extractor  
  86  9:54  Extractor  
  86  9:55  Drone  
  86  9:56  Drone x4, Infestation Pit  
  89  10:04  Grooved Spines  
  89  10:21  Hydralisk, Spore Crawler  
  88  10:22  Hydralisk x4  
  98  10:44  Spore Crawler  
  96  10:51  Hatchery  
  95  10:59  Overlord x3  
  95  11:00  Overlord  
  95  11:10  Overlord x3  
  95  11:13  Evolution Chamber  
  94  11:24  Hydralisk x2  
  94  11:25  Hydralisk x2  
  102  11:46  Hydralisk x2  
  106  12:00  Hydralisk x3  
  112  12:05  Drone x2  
  112  12:06  Drone  
Tags
 
Add a new tag
Caveats
  • Supply blocks, unpowered buildings, or Contaminate may cause inaccurate times.
  • Supply counts are checked every 10 seconds.